 Dungeon Crawl Stone Soup version 0.30-a0-166-g5d06c95188 (webtiles) character file.

Game seed: 14442316228218331516

98 qw the Chopper (level 4, -7/28 HPs)
             Began as a Gargoyle Fighter on Sept 29, 2022.
             Killed by divine providence
             ... invoked by an orc priest
              (11 damage)
             ... on level 4 of the Dungeon.
             The game lasted 00:01:05 (2700 turns).

qw the Chopper (Gargoyle Fighter)                   Turns: 2700, Time: 00:01:05

Health: -7/28      AC: 14    Str: 22    XL:     4   Next: 69%
Magic:  4/4        EV:  5    Int:  8    God:
Gold:   123        SH: 13    Dex: 15    Spells: 3/3 levels left

rFire   . . .      SeeInvis .    Y - +2 war axe (freeze)
rCold   . . .      Faith    .    o - +0 tower shield
rNeg    + . .      Spirit   .    b - +0 scale mail
rPois   inf        Reflect  .    (no helmet)
rElec   +          Harm     .    (no cloak)
rCorr   .          Rampage  .    (no gloves)
Will    .....                    (no boots)
Stlth   ..........               (no amulet)
HPRegen 0.09/turn                i - +4 ring of protection
MPRegen 0.09/turn                l - +6 ring of dexterity

@: no status effects
A: sickness immunity, AC +3, negative energy resistance 1, electricity
resistance, torment resistance 1, petrification resistance
a: no special abilities


You were on level 4 of the Dungeon.
You visited 1 branch of the dungeon, and saw 4 of its levels.

You collected 123 gold pieces.


Innate Abilities, Weirdness & Mutations

You are immune to sickness and miasma.
Your stone body is resilient. (AC +3)
You are immune to poison.
You resist negative energy. (rN+)
You are resistant to electric shocks. (rElec)
You are resistant to unholy torment.
You are immune to petrification.


   Skills:
 - Level 3.2 Fighting
 - Level 4.0 Axes
 - Level 3.2 Armour
 + Level 3.8 Shields


You had 3 spell levels left.
You didn't know any spells.
Your spell library was empty.

Inventory:

Hand Weapons
 q - a +0 flail
 Y - a +2 war axe of freezing (weapon)
Missiles
 r - 3 boomerangs (quivered)
Armour
 b - a +0 scale mail (worn)
 m - the +1 robe of Benevolence {Contam rC+ rN++ Stlth+}
   (You found it on level 2 of the Dungeon)

   rC:        It protects you from cold.
   rN:        It greatly protects you from negative energy.
   Contam:    It causes magical contamination when unequipped.
   Stlth:     It makes you more stealthy.
 o - a +0 tower shield (worn)
Jewellery
 i - a +4 ring of protection (left hand)
 l - a +6 ring of dexterity (right hand)
Scrolls
 h - 2 scrolls of teleportation
Potions
 a - a potion of haste {unknown}
 d - 4 potions of might
 e - a potion of heal wounds
 g - a potion of curing {unknown}
 j - a potion of attraction {unknown}
 k - a potion of degeneration {unknown}
 n - a potion of lignification
 s - a potion of cancellation {unknown}

Dungeon Overview and Level Annotations

Branches:
Dungeon (4/15)
 Temple: D:4-7

Altars:
Elyvilon
Fedhas


Message History

You closely miss something. The orc hits you but does no damage.
Something hits you but does no damage.
The orc priest casts a cantrip, but nothing happens.
Something hits you but does no damage. x2; The orc hits you but does no damage.
The orc priest calls down the wrath of Beogh upon you.
Beogh smites you! Something hits you but does no damage.
You closely miss the orc priest. You hit the orc. You freeze the orc.
You kill the orc!
You closely miss something. You miss something.
Something hits you but does no damage. x2
The orc priest hits you but does no damage.
You hit the orc priest but do no damage.
You closely miss something. x2
Something hits you but does no damage. The orc priest closely misses you.
Something hits you but does no damage. Something hits you.
Something hits you but does no damage.
The orc priest hits you with a +0 short sword.
You miss something. x2; You hit the orc priest.
You freeze the orc priest. Something hits you but does no damage.
The orc priest looks satisfied for a moment.
Something completely misses you. The orc priest completely misses you.
Something hits you but does no damage. x2
You hit the orc priest but do no damage.
The orc priest is moderately wounded.
You miss something. You closely miss something.
You feel less confused. Something hits you but does no damage.
The orc priest hits you but does no damage.
You block something's attack.
You barely miss the orc priest.
The orc priest is moderately wounded.
You closely miss something. You miss something. Something hits you.
The orc priest hits you but does no damage.
You hear some strange, mumbled words.
A magic dart appears from out of thin air!
The magic dart hits you.
The orc priest mumbles some strange prayers to Beogh against you.
Beogh smites you!
You die...

#......%...##
#......%...###
#............###
###............#
#......#...#.#
#..........# #
#..........#
#.....{....#
#....{@....#
#..$.#)o####
##.........
#...##.####
.....# .#
....?.. ..
#...........
#...........


You could see an orc priest.

Vanquished Creatures
  2 adders
  3 dart slugs
  2 orcs
  8 ball pythons
  9 endoplasms
  3 giant cockroaches
  7 goblins
  9 hobgoblins
  4 jackals (D:1)
  3 kobolds
  3 quokkas
  4 bats
  3 frilled lizards
  2 rats
62 creatures vanquished.

Notes
Turn   | Place    | Note
-------+----------+-------------------------------------------
     0 | D:1      | qw the Gargoyle Fighter began the quest for the Orb.
     0 | D:1      | Reached XP level 1. HP: 14/14 MP: 1/1
     0 | D:1      | 0 ||| qw: Version: 0.2-a-12-gaebbb33
     0 | D:1      | 0 ||| qw: Game counter: 1049
     0 | D:1      | 0 ||| qw: Always use a shield: true
     0 | D:1      | 0 ||| qw: God list: Okawaru
     0 | D:1      | 0 ||| qw: Allow faded altars: false
     0 | D:1      | 0 ||| qw: Do Orc after D:15 true
     0 | D:1      | 0 ||| qw: Do second Lair branch before Depths: true
     0 | D:1      | 0 ||| qw: Lair rune preference: random
     0 | D:1      | 0 ||| qw: Plans: Normal, Zot:1-4, God:TSO, Crypt, Tomb,
                  | Pan, Slime:5, Hells, Abyss, Orb
     0 | D:1      | 0 ||| PLANNING D:1-11
   119 | D:1      | Reached skill level 2 in Axes
   225 | D:1      | 225 ||| Stepping ~*~*~tactically~*~*~ (stealth).
   255 | D:1      | Reached XP level 2. HP: 19/19 MP: 2/2
   527 | D:1      | Reached skill level 3 in Axes
   617 | D:1      | Reached XP level 3. HP: 19/23 MP: 3/3
   798 | D:1      | 798 ||| Stepping ~*~*~tactically~*~*~ (stealth).
   802 | D:1      | 802 ||| Stepping ~*~*~tactically~*~*~ (stealth).
  1203 | D:1      | 1203 ||| READING scroll labelled MIX JESYOXAPPI.
  1204 | D:1      | 1204 ||| READING scroll labelled ARENIOHUDUI.
  1307 | D:2      | 1307 ||| Stepping ~*~*~tactically~*~*~ (stealth).
  1308 | D:2      | 1308 ||| Stepping ~*~*~tactically~*~*~ (stealth).
  1360 | D:2      | 1360 ||| Stepping ~*~*~tactically~*~*~ (hiding).
  1363 | D:2      | 1363 ||| Stepping ~*~*~tactically~*~*~ (hiding).
  1364 | D:2      | 1364 ||| Stepping ~*~*~tactically~*~*~ (hiding).
  1369 | D:2      | Reached XP level 4. HP: 28/28 MP: 4/4
  1530 | D:2      | Found a white marble altar of Elyvilon.
  1555 | D:2      | Identified the +1 robe of Benevolence {Contam rC+ rN++
                  | Stlth+}
  1667 | D:2      | Reached skill level 4 in Axes
  1890 | D:2      | 1890 ||| UPGRADING to +0 tower shield.
  1900 | D:2      | 1900 ||| DROPPING +0 buckler.
  1901 | D:2      | 1901 ||| READING 2 scrolls labelled FEHOKH VECIU.
  1902 | D:2      | 1902 ||| READING scroll of enchant weapon.
  1902 | D:2      | 1902 ||| ENCHANTING +1 war axe.
  1903 | D:2      | 1903 ||| READING scroll labelled ACKEVY KEENKE.
  2082 | D:3      | Found a blossoming altar of Fedhas.
  2476 | D:3      | 2476 ||| DROPPING +0 mace.
  2534 | D:3      | Found a white marble altar of Elyvilon.
  2599 | D:3      | 2599 ||| UPGRADING to +4 ring of protection.
  2600 | D:3      | 2600 ||| UPGRADING to +6 ring of dexterity.
  2601 | D:3      | 2601 ||| READING 2 scrolls labelled HYRYCO HEOLU.
  2602 | D:3      | 2602 ||| READING scroll of brand weapon.
  2602 | D:3      | 2602 ||| BRANDING +2 war axe of draining.
  2603 | D:3      | 2603 ||| READING scroll labelled LAAT VUENKU.
  2604 | D:3      | 2604 ||| DRINKING 2 murky silvery potions.
  2605 | D:3      | 2605 ||| DRINKING 2 fizzy emerald potions.
  2686 | D:4      | 2686 ||| Stepping ~*~*~tactically~*~*~ (hiding).
  2688 | D:4      | 2688 ||| Stepping ~*~*~tactically~*~*~ (hiding).
  2691 | D:4      | 2691 ||| Stepping ~*~*~tactically~*~*~ (hiding).
  2700 | D:4      | HP: 4/28 [something/magic dart (6)]
  2700 | D:4      | Killed from afar by an orc priest

Levels and vault maps discovered:
D:1:      dpeg_arrival_central, layout_basic
D:2:      layout_basic, basic_altar, minmay_misc_feat_tower
D:3:      layout_loops_cross, mainiacjoe_overflow_catwalk,
          nicolae_elyvilon_temple_path
D:4:      cheibrodos_fertilizer, layout_basic, interstate_on_off

Skill      XL: |  1  2  3  4 |
---------------+-------------+-----
Axes           | 2 3 4 |  4.0
Fighting       | |  3.2
Armour         | |  3.2
Shields        | |  3.8

Action                   |  1- 3 |  4- 6 || total
-------------------------+-------+-------++-------
Melee: War axe           |   121 |    53 ||   174
Throw: Boomerang         |       |     2 ||     2
  Use: Scroll            |     2 |     6 ||     8
       Potion            |       |     2 ||     2
Armor: Scale mail        |    61 |    39 ||   100
Dodge: Dodged            |    48 |    15 ||    63
Block: Buckler           |    22 |     4 ||    26
       Tower shield      |       |    13 ||    13

Table legend:
 A = Non-vault XP
 B = Vault XP
 C = Vault XP percentage of total XP
 D = Non-vault monster count
 E = Vault monster count
 F = Vault count percentage of total count
                 A         B        C        D         E       F
            +---------+---------+-------+---------+---------+-------
      Total |     140 |       0 |   0.0 |      62 |       0 |   0.0
            +---------+---------+-------+---------+---------+-------
        D:1 |      64 |       0 |   0.0 |      34 |       0 |   0.0
        D:2 |      38 |       0 |   0.0 |      16 |       0 |   0.0
        D:3 |      29 |       0 |   0.0 |       9 |       0 |   0.0
        D:4 |       9 |       0 |   0.0 |       3 |       0 |   0.0
            +---------+---------+-------+---------+---------+-------
